[Event "Titled Tuesday Blitz July 25 Early 2023"]
[White "Richter, Paul"]
[Black "Schnaider, Ilan"]
[WhiteFideId "2046350"]
[BlackFideId "169013"]
[WhiteElo "2555"]
[BlackElo "2764"]
[Result "0-1"]
[Round "5"]
[TimeControl "180+2"]
[Date "2023.07.25"]
[WhiteClock "0:00:00"]
[BlackClock "0:00:19"]
[Board "56"]

1. e4 c5 2. Nf3 d6 3. d4 cxd4 4. Nxd4 Nf6 5. Nc3 a6 6. Be2 e5 7. Nb3 Be7 8. g4 h6 9. Be3 Be6 10. Bf3 Nh7 11. Nd5 Bxd5 12. Qxd5 Nc6 13. O-O-O Rc8 14. a3 Qc7 15. Kb1 Nf6 16. Qd2 Nd7 17. h4 b5 18. g5 Nb6 19. gxh6 Nc4 20. Qd5 gxh6 21. Bg4 Rb8 22. Bh5 Nd8 23. Rhg1 b4 24. a4 Nxe3 25. fxe3 Rc8 26. Rdf1 Rf8 27. Rg2 Qc4 28. Qxc4 Rxc4 29. Rgf2 Rxe4 0-1


[Site "https://www.chess.com"]

[Event "Titled Tuesday Blitz July 25 Early 2023"]
[White "Vyatkin, Dmitry"]
[Black "Rozman, Levy"]
[WhiteFideId "4171900"]
[BlackFideId "2039877"]
[WhiteElo "2545"]
[BlackElo "2758"]
[Result "0-1"]
[Round "5"]
[TimeControl "180+2"]
[Date "2023.07.25"]
[WhiteClock "0:00:00"]
[BlackClock "0:00:03"]
[Board "57"]

1. d4 f5 2. c4 Nf6 3. Nf3 e6 4. g3 Bb4+ 5. Bd2 Bxd2+ 6. Nbxd2 b6 7. Bg2 Bb7 8. O-O O-O 9. d5 Na6 10. Nb1 Ne4 11. Qd4 Qe7 12. Nc3 Nac5 13. b4 Nxc3 14. Qxc3 Ne4 15. Qb3 a5 16. a3 Kh8 17. Rfd1 exd5 18. cxd5 axb4 19. axb4 Qf6 20. Rac1 c6 21. dxc6 Bxc6 22. b5 Bb7 23. Nd2 Nc5 24. Qc3 Bxg2 25. Kxg2 Qe6 26. Qc4 d5 27. Qd4 Qxe2 28. Re1 Qd3 29. Nf3 Ra3 30. Rb1 Qxf3+ 31. Kg1 Rd3 32. Qe5 Rd2 33. Rf1 Ne4 34. Qe7 Rg8 0-1


[Site "https://www.chess.com"]

[Event "Titled Tuesday Blitz July 25 Early 2023"]
[White "Shapiro, Viktor"]
[Black "Dvirnyy, Danyyil"]
[WhiteFideId "4175700"]
[BlackFideId "817570"]
[WhiteElo "2522"]
[BlackElo "2754"]
[Result "0-1"]
[Round "5"]
[TimeControl "180+2"]
[Date "2023.07.25"]
[WhiteClock "0:00:00"]
[BlackClock "0:00:05"]
[Board "58"]

1. Nf3 g6 2. g3 Bg7 3. Bg2 c5 4. O-O Nc6 5. d3 Nf6 6. c4 d5 7. Nc3 O-O 8. cxd5 Nxd5 9. Bd2 Nc7 10. Rc1 b6 11. a3 Rb8 12. Na4 a5 13. Ng5 Bd7 14. h4 h6 15. Nf3 Ne6 16. Bc3 Ncd4 17. Nxd4 Nxd4 18. Bxd4 Bxd4 19. Nc3 Bg4 20. Qd2 Bg7 21. Nd5 Qd6 22. b4 cxb4 23. axb4 a4 24. Rc6 Qd8 25. Qe3 e6 26. Nxb6 a3 27. Nc4 a2 28. Ne5 Bxe2 29. Qxe2 Qd4 30. Nxg6 a1=Q 31. Nxf8 Qab2 32. Rc2 Qbxb4 33. Nxe6 Qe5 34. Qxe5 Bxe5 35. Nc5 Bd4 36. Ne4 Qe7 37. Rfc1 Rb2 38. Rxb2 Bxb2 39. Rc2 Bd4 40. Kf1 Qb4 41. Ke2 Qb1 42. Rd2 f5 43. Nd6 Bc3 44. Bd5+ Kf8 45. Ba2 Qc1 46. Nc4 Bxd2 47. Nxd2 Qb2 48. Bd5 f4 49. gxf4 Qd4 50. Be4 Qf6 51. Ke3 Qxh4 52. Nf3 Qh1 53. d4 Qc1+ 54. Ke2 Ke7 55. f5 h5 56. Ne5 Kf6 57. Bd3 Qb2+ 58. Ke3 Qc1+ 59. Ke4 Qe1+ 60. Kd5 Qxf2 61. Be4 Qh2 62. Nd7+ Ke7 63. Ne5 h4 64. f6+ Kf8 65. Ke6 Qf2 66. Bf5 Qa2+ 67. d5 Qa6+ 68. d6 Qa2+ 69. Kd7 Qa7+ 70. Ke6 Qa2+ 71. Kd7 Qb3 72. Be6 Qb7+ 73. Kd8 Qb6+ 74. Kd7 Qb1 75. f7 Qe4 76. Nc6 h3 77. Bxh3 Kxf7 78. Nd8+ Kf6 79. Be6 Qa4+ 80. Kc7 Qa5+ 81. Kd7 Qb5+ 82. Kc7 Qc5+ 83. Kd7 Qa5 84. Nc6 Qb5 85. Bg8 Qb7+ 86. Kd8 Qxc6 87. d7 Qb6+ 88. Ke8 Qc6 89. Kd8 Kg7 90. Bb3 Kf8 0-1


[Site "https://www.chess.com"]

[Event "Titled Tuesday Blitz July 25 Early 2023"]
[White "Zubritskiy, Artyom"]
[Black "Osmak, Yuliia"]
[WhiteFideId "4181247"]
[BlackFideId "14101602"]
[WhiteElo "2749"]
[BlackElo "2511"]
[Result "1-0"]
[Round "5"]
[TimeControl "180+2"]
[Date "2023.07.25"]
[WhiteClock "0:00:32"]
[BlackClock "0:00:12"]
[Board "59"]

1. d4 Nf6 2. c4 g6 3. g3 Bg7 4. Bg2 d5 5. cxd5 Nxd5 6. Nc3 Nxc3 7. bxc3 O-O 8. e3 c5 9. Nf3 Nc6 10. O-O Be6 11. Qe2 Na5 12. Rd1 Qc7 13. Ba3 Bc4 14. Qc2 cxd4 15. cxd4 Rfc8 16. Rac1 Qd8 17. Qd2 Bd5 18. Bxe7 Qxe7 19. Qxa5 Be4 20. Nd2 Bxg2 21. Kxg2 b6 22. Qa6 Qd7 23. Nb3 h5 24. h4 Bf8 25. Qe2 Ba3 26. Rxc8+ Rxc8 27. Rd2 f5 28. Rc2 Qd5+ 29. Kg1 Rxc2 30. Qxc2 Qf3 31. Qc8+ Kg7 32. Qc7+ Kg8 33. Qb8+ Kh7 34. Qxa7+ Kh6 35. Qxa3 Qd1+ 36. Kg2 Qd3 37. Qf8+ Kh7 38. Qe7+ Kh6 39. Qe5 Qc4 40. Qh8# 1-0


[Site "https://www.chess.com"]

[Event "Titled Tuesday Blitz July 25 Early 2023"]
[White "djokovic74"]
[Black "Mmukka"]
[WhiteElo "2749"]
[BlackElo "2501"]
[Result "1-0"]
[Round "5"]
[TimeControl "180+2"]
[Date "2023.07.25"]
[WhiteClock "0:00:16"]
[BlackClock "0:00:28"]
[Board "60"]

1. e4 c5 2. Nf3 e6 3. d4 cxd4 4. Nxd4 a6 5. c4 Nf6 6. Nc3 Qc7 7. Be2 Bb4 8. Nc2 Bxc3+ 9. bxc3 Nxe4 10. Qd4 Nf6 11. Bf4 Qa5 12. Bd6 Nc6 13. Qe3 Qa4 14. Bd3 b5 15. c5 Nd5 16. Qg3 g6 17. O-O Bb7 18. Rfe1 O-O-O 19. Re4 Qa5 20. c4 bxc4 21. Bxc4 f5 22. Ree1 Qc3 23. Bxd5 Qxg3 24. hxg3 exd5 25. Ne3 Nd4 26. Red1 Nb5 27. Bf4 d4 28. Nc4 d5 29. Nb6# 1-0


[Site "https://www.chess.com"]

[Event "Titled Tuesday Blitz July 25 Early 2023"]
[White "Schmakel, Sam"]
[Black "Girinath, P.D.S."]
[WhiteFideId "2039311"]
[BlackFideId "5000572"]
[WhiteElo "2745"]
[BlackElo "2371"]
[Result "1-0"]
[Round "5"]
[TimeControl "180+2"]
[Date "2023.07.25"]
[WhiteClock "0:00:11"]
[BlackClock "0:00:00"]
[Board "61"]

1. d4 f5 2. Nc3 Nf6 3. Bg5 e6 4. e4 fxe4 5. Nxe4 Be7 6. Bxf6 Bxf6 7. Nf3 Qe7 8. c3 Nc6 9. Bd3 d6 10. Qe2 Bd7 11. O-O O-O 12. Rfe1 e5 13. Nxf6+ Qxf6 14. dxe5 Nxe5 15. Nxe5 dxe5 16. Rad1 Bc6 17. f3 Rae8 18. Qe3 b6 19. Be4 Bxe4 20. Qxe4 Qf4 21. Rd7 Qxe4 22. Rxe4 Rf7 23. Rd5 Rfe7 24. Kf2 Kf7 25. c4 c6 26. Rd6 Re6 27. Rd7+ R8e7 28. Rd1 Kf6 29. h4 h6 30. g4 g5 31. Kg3 Kf7 32. b4 Rf6 33. hxg5 hxg5 34. Rh1 Kg6 35. Rh8 Rf4 36. Rg8+ 1-0


[Site "https://www.chess.com"]

[Event "Titled Tuesday Blitz July 25 Early 2023"]
[White "Dinu, Dumitru-Daniel"]
[Black "Matinian, Nikita"]
[WhiteFideId "1208403"]
[BlackFideId "24129100"]
[WhiteElo "2461"]
[BlackElo "2742"]
[Result "0-1"]
[Round "5"]
[TimeControl "180+2"]
[Date "2023.07.25"]
[WhiteClock "0:00:00"]
[BlackClock "0:01:58"]
[Board "62"]

1. d4 Nf6 2. c4 g6 3. Nc3 Bg7 4. e4 d6 5. Nf3 O-O 6. Be2 e5 7. dxe5 dxe5 8. Qxd8 Rxd8 9. Bg5 Re8 10. Nd5 Nxd5 11. cxd5 c6 12. Bc4 cxd5 13. Bxd5 Na6 14. O-O Nc7 15. Bb3 Be6 16. Bxe6 Nxe6 17. Be3 Nd4 18. Rfd1 a5 19. Nxd4 exd4 20. Bxd4 Rxe4 21. Bxg7 Kxg7 22. Rd7 Rb4 23. b3 a4 24. bxa4 Raxa4 25. h3 Rb2 26. a3 b5 27. Rb7 b4 28. g4 Rxa3 29. Rc1 Rxh3 30. Kg2 Rc3 31. Rxb4 Rxf2+ 32. Kxf2 Rxc1 33. g5 Rc5 34. Rg4 Rf5+ 35. Kg3 h5 36. gxh6+ Kxh6 37. Rb4 Rg5+ 38. Kh3 f5 39. Rf4 Rh5+ 40. Kg3 Kg5 41. Rf2 Rh8 42. Rd2 Ra8 43. Rd3 Ra4 44. Rc3 Ra5 45. Kf3 f4 46. Rb3 Kf5 0-1


[Site "https://www.chess.com"]

[Event "Titled Tuesday Blitz July 25 Early 2023"]
[White "Luxama, Jacques Muller"]
[Black "Xu, Yi"]
[WhiteFideId "11900113"]
[BlackFideId "8605564"]
[WhiteElo "2207"]
[BlackElo "2740"]
[Result "1/2-1/2"]
[Round "5"]
[TimeControl "180+2"]
[Date "2023.07.25"]
[WhiteClock "0:00:15"]
[BlackClock "0:00:12"]
[Board "63"]

1. e4 c6 2. d4 d5 3. Nc3 dxe4 4. Nxe4 Bf5 5. Ng3 Bg6 6. Nf3 Nd7 7. h4 h6 8. h5 Bh7 9. Bd3 Bxd3 10. Qxd3 e6 11. Bd2 Ngf6 12. O-O-O Bd6 13. Ne4 Nxe4 14. Qxe4 Nf6 15. Qe2 Qc7 16. Kb1 O-O-O 17. c4 c5 18. Bc3 cxd4 19. Nxd4 a6 20. g4 Rhe8 21. b4 Bf4 22. Nb3 Kb8 23. Kb2 e5 24. b5 axb5 25. cxb5 Nd5 26. Ba5 b6 27. Be1 Bg5 28. Qe4 Nf4 29. Bc3 Bf6 30. a4 Qb7 31. Rxd8+ Rxd8 32. Bxe5+ Bxe5+ 33. Qxe5+ Ka7 34. Qxf4 Qxh1 35. Nd4 Rc8 36. Nc6+ Rxc6 37. bxc6 Qxc6 38. Qxf7+ Ka6 39. Qxg7 Qxa4 40. g5 Qb4+ 41. Kc2 Qc4+ 42. Kb2 Qb4+ 43. Kc2 Qc4+ 44. Kb2 Qb4+ 1/2-1/2


[Site "https://www.chess.com"]

[Event "Titled Tuesday Blitz July 25 Early 2023"]
[White "Svane, Rasmus"]
[Black "Senft, Sean"]
[WhiteFideId "4657101"]
[BlackFideId "2044960"]
[WhiteElo "2966"]
[BlackElo "2308"]
[Result "1-0"]
[Round "5"]
[TimeControl "180+2"]
[Date "2023.07.25"]
[WhiteClock "0:00:19"]
[BlackClock "0:00:00"]
[Board "64"]

1. Nf3 d5 2. g3 c6 3. Bg2 Nf6 4. O-O Bg4 5. h3 Bxf3 6. Bxf3 e6 7. d3 Nbd7 8. e4 Be7 9. Nd2 O-O 10. d4 dxe4 11. Nxe4 Nxe4 12. Bxe4 e5 13. dxe5 Nxe5 14. Bxh7+ Kxh7 15. Qh5+ Kg8 16. Qxe5 Bf6 17. Qf5 Qb6 18. c3 Rfe8 19. Qc2 Re6 20. Be3 Qb5 21. Rad1 Rae8 22. Rd2 Bg5 23. Bxg5 Qxg5 24. h4 Qg4 25. Qd1 Qh3 26. Qf3 Re1 27. Qg2 Rxf1+ 28. Qxf1 Qe6 29. Qd3 Qxa2 30. Kg2 Qe6 31. b4 g6 32. Qf3 a6 33. Rd4 Qe2 34. Qf6 Qe6 35. Qf4 Qe5 36. Qf3 Qe2 37. Rd7 Qxf3+ 38. Kxf3 Rb8 39. Rc7 a5 40. bxa5 Ra8 41. Rxb7 Rxa5 42. Ke4 Rc5 43. Kd4 Rd5+ 44. Kc4 Rf5 45. f4 Rf6 46. Kc5 Re6 47. c4 Kf8 48. Rb3 Ke7 49. Rd3 1-0


[Site "https://www.chess.com"]

[Event "Titled Tuesday Blitz July 25 Early 2023"]
[White "Trifan, Andrei Ioan"]
[Black "Maghsoodloo, Parham"]
[WhiteFideId "12967068"]
[BlackFideId "12539929"]
[WhiteElo "2574"]
[BlackElo "2926"]
[Result "0-1"]
[Round "5"]
[TimeControl "180+2"]
[Date "2023.07.25"]
[WhiteClock "0:00:08"]
[BlackClock "0:01:29"]
[Board "65"]

1. Nf3 d5 2. e3 c6 3. b3 Bf5 4. Bb2 h6 5. d4 Nf6 6. Bd3 Bxd3 7. Qxd3 Nbd7 8. O-O e6 9. c4 Bd6 10. Nc3 O-O 11. Rfd1 Qe7 12. a3 Rad8 13. e4 dxc4 14. Qxc4 e5 15. h3 Rfe8 16. Re1 exd4 17. Qxd4 Ne5 18. Nxe5 Bxe5 19. Qe3 Bd4 20. Qg3 Qe5 21. Qf3 Qe6 22. e5 Nd7 23. Qe4 Nc5 24. Qc2 Qxb3 25. Qxb3 Nxb3 26. Rad1 Nc5 27. Kf1 Rd7 28. Na4 Nxa4 29. Bxd4 Red8 0-1


[Site "https://www.chess.com"]

[Event "Titled Tuesday Blitz July 25 Early 2023"]
[White "Svane, Frederik"]
[Black "Filgueira, Hernan"]
[WhiteFideId "12923044"]
[BlackFideId "101770"]
[WhiteElo "2923"]
[BlackElo "2572"]
[Result "1-0"]
[Round "5"]
[TimeControl "180+2"]
[Date "2023.07.25"]
[WhiteClock "0:01:02"]
[BlackClock "0:00:00"]
[Board "66"]

1. c4 Nf6 2. Nc3 c5 3. g3 e6 4. Bg2 d5 5. d3 Be7 6. Bg5 O-O 7. Nh3 d4 8. Na4 e5 9. O-O Nbd7 10. a3 Rb8 11. b4 cxb4 12. axb4 b5 13. Nb2 bxc4 14. Nxc4 Bxb4 15. Rxa7 Bc5 16. Ra5 Qc7 17. Qa1 Bb7 18. Bxb7 Rxb7 19. Bxf6 Nxf6 20. Rc1 Nd7 21. Ng5 Qb8 22. Ne4 Be7 23. Rd5 f6 24. h4 Kh8 25. Qa4 Nb6 26. Nxb6 Rxb6 27. Rd7 Rb7 28. Qc6 Rxd7 29. Qxd7 Ba3 30. Rc7 1-0


[Site "https://www.chess.com"]

[Event "Titled Tuesday Blitz July 25 Early 2023"]
[White "Kushagra Mohan"]
[Black "Richter, Nils"]
[WhiteFideId "25033638"]
[BlackFideId "12990809"]
[WhiteElo "2857"]
[BlackElo "2570"]
[Result "1-0"]
[Round "5"]
[TimeControl "180+2"]
[Date "2023.07.25"]
[WhiteClock "0:00:49"]
[BlackClock "0:00:04"]
[Board "67"]

1. e4 c5 2. Nf3 e6 3. d4 cxd4 4. Nxd4 Nf6 5. Nc3 Nc6 6. Ndb5 Bc5 7. Nd6+ Ke7 8. Bf4 e5 9. Nf5+ Kf8 10. Bg5 d6 11. Ne3 h6 12. Bxf6 Qxf6 13. Ncd5 Qd8 14. c3 a6 15. Be2 Be6 16. O-O g6 17. b4 Ba7 18. a4 Kg7 19. b5 Ne7 20. Nxe7 Qxe7 21. Nd5 Bxd5 22. Qxd5 axb5 23. axb5 Bc5 24. g3 h5 25. h4 Qf6 26. Rxa8 Rxa8 27. Bc4 Ra3 28. Qd3 b6 29. Kg2 Ra7 30. Bd5 Qe7 31. Qd2 Qe8 32. Bc6 Qe6 33. Bd5 Qe8 34. Qe2 Ra5 35. Rb1 Qe7 36. Rb3 Qa7 37. Rb1 Ra3 38. Qf3 Qe7 39. Rd1 Ra5 40. Qe2 Qa7 41. Rd3 Ra1 42. g4 Qa3 43. Qf3 Qa7 44. gxh5 Qe7 45. Qg4 Kh6 46. Rf3 gxh5 47. Qg8 Qxh4 48. Qh8+ Kg5 49. Qg7# 1-0


[Site "https://www.chess.com"]

[Event "Titled Tuesday Blitz July 25 Early 2023"]
[White "Ilkhomi, Jaloliddin"]
[Black "Kaasen, Tor Fredrik"]
[WhiteFideId "14700948"]
[BlackFideId "1516647"]
[WhiteElo "2569"]
[BlackElo "2821"]
[Result "1-0"]
[Round "5"]
[TimeControl "180+2"]
[Date "2023.07.25"]
[WhiteClock "0:01:54"]
[BlackClock "0:02:02"]
[Board "68"]

1. d4 Nf6 2. Nf3 g6 3. Bg5 Bg7 4. Nbd2 d5 5. c3 O-O 6. e3 c5 7. Bd3 Nc6 8. O-O b6 9. Re1 Bb7 10. dxc5 bxc5 11. e4 dxe4 12. Nxe4 Nxe4 13. Bxe4 Qb6 14. Qb3 Rfd8 15. Bxe7 Re8 16. Qxf7+ Kh8 17. Bf6 Rg8 18. Bxg6 hxg6 19. Qxg6 1-0


[Site "https://www.chess.com"]

[Event "Titled Tuesday Blitz July 25 Early 2023"]
[White "Galiot, Goran"]
[Black "Putnam, Liam"]
[WhiteFideId "931560"]
[BlackFideId "30938279"]
[WhiteElo "2555"]
[BlackElo "2804"]
[Result "0-1"]
[Round "5"]
[TimeControl "180+2"]
[Date "2023.07.25"]
[WhiteClock "0:00:12"]
[BlackClock "0:00:18"]
[Board "69"]

1. d4 Nf6 2. c4 g6 3. Nc3 Bg7 4. e4 O-O 5. Bg5 c5 6. d5 d6 7. f4 b5 8. cxb5 a6 9. a4 Qa5 10. Qd2 axb5 11. Bxb5 Ba6 12. Bxa6 Nxa6 13. Nf3 Qb4 14. e5 dxe5 15. fxe5 Ne4 16. Nxe4 Qxe4+ 17. Qe2 Qxd5 18. Bxe7 Rfe8 19. Bd6 Nb4 20. Rd1 Qc6 21. b3 Nd5 22. Qe4 Qxd6 23. Rxd5 Qb6 24. Qc4 Rab8 25. O-O Qxb3 26. Qxb3 Rxb3 27. Rxc5 Ra3 28. a5 Bf8 29. Rb5 Ra8 30. Ng5 Ra7 31. e6 f5 32. Re1 Be7 33. Nf7 R3xa5 34. Rxa5 Rxa5 35. g3 Kg7 36. Ne5 Ra6 37. Nd7 Ra2 38. Kh1 Rd2 39. Re5 h5 40. Re1 Kh6 41. Kg1 Kg5 42. Ne5 Kf6 43. Nf3 Rd6 44. h4 Rxe6 45. Rxe6+ Kxe6 46. Kg2 Kd5 47. Ne1 Bd6 48. Kf3 Kd4 49. Ng2 Be5 50. Ne3 Bf6 51. Ng2 Be5 52. Ne3 Bd6 53. Nc2+ Ke5 54. Ne3 Kf6 55. Nd5+ Ke6 56. Nc3 Be5 57. Ne2 Kd5 58. Ng1 Kd4 59. Nh3 Kd3 60. Ng5 Kd2 61. Ne6 Bd6 62. Nd4 Ke1 63. Ne6 Kf1 64. Ng7 Kg1 65. Ne6 Kh2 66. Nf4 Bxf4 67. Kxf4 Kh3 68. Kf3 Kh2 69. Kf4 Kg2 70. Kg5 Kxg3 71. Kxg6 Kg4 72. Kh6 f4 0-1


[Site "https://www.chess.com"]

[Event "Titled Tuesday Blitz July 25 Early 2023"]
[White "Nazari, Arad"]
[Black "Ambartsumova, Karina"]
[WhiteFideId "12577324"]
[BlackFideId "4166299"]
[WhiteElo "2780"]
[BlackElo "2550"]
[Result "0-1"]
[Round "5"]
[TimeControl "180+2"]
[Date "2023.07.25"]
[WhiteClock "0:00:03"]
[BlackClock "0:00:07"]
[Board "70"]

1. e4 e5 2. f4 d5 3. exd5 e4 4. d3 Nf6 5. dxe4 Nxe4 6. Nf3 Bc5 7. Qe2 Qe7 8. Be3 Nd7 9. Bxc5 Ndxc5 10. Nbd2 O-O 11. O-O-O Re8 12. Nxe4 Nxe4 13. Nd2 Bf5 14. Nxe4 Bxe4 15. Qf2 a5 16. a3 Rad8 17. Bb5 c6 18. dxc6 bxc6 19. Rxd8 Rxd8 20. Bc4 Qf6 21. Re1 Bd5 22. Bxd5 cxd5 23. Re5 h6 24. g3 d4 25. Qe1 Qc6 26. Qe4 Qd7 27. Rxa5 d3 28. cxd3 Qc7+ 29. Kd2 Qxa5+ 30. Ke2 Qb6 31. b4 Qb5 32. Qc4 Qe8+ 33. Kd2 Rc8 34. Qd5 Qa4 35. Qa2 Qc6 36. Qb3 Qc1+ 37. Ke2 Re8+ 38. Kf3 Qe3+ 39. Kg4 Qe2+ 40. Kh3 Qf1+ 41. Kg4 h5+ 42. Kg5 Qh3 43. Qd1 f6+ 44. Kg6 Qg4+ 45. Qxg4 hxg4 46. b5 Rd8 47. a4 Rxd3 48. b6 Rb3 49. a5 Rb5 50. f5 Rxa5 51. Kh5 Rb5 52. Kxg4 Rxb6 53. Kh5 Kf7 54. g4 Rb2 55. h4 Rb5 56. g5 Rxf5 0-1


[Site "https://www.chess.com"]

[Event "Titled Tuesday Blitz July 25 Early 2023"]
[White "Mei, Austin"]
[Black "Kosteniuk, Alexandra"]
[WhiteFideId "30948479"]
[BlackFideId "4128125"]
[WhiteElo "2503"]
[BlackElo "2774"]
[Result "0-1"]
[Round "5"]
[TimeControl "180+2"]
[Date "2023.07.25"]
[WhiteClock "0:00:12"]
[BlackClock "0:00:12"]
[Board "71"]

1. e4 c6 2. d4 d5 3. f3 e6 4. Nc3 Bb4 5. Bd2 Ne7 6. Bd3 dxe4 7. Nxe4 Bxd2+ 8. Qxd2 Qxd4 9. Ne2 Qd8 10. O-O-O Nd5 11. c4 Nf6 12. Qf4 Nxe4 13. Bxe4 Qe7 14. Qg3 O-O 15. Nc3 Nd7 16. h4 Nf6 17. Bc2 b5 18. h5 h6 19. cxb5 cxb5 20. Nxb5 Bb7 21. Qd6 Qxd6 22. Nxd6 Bd5 23. Kb1 Rfd8 24. Nb5 Bc4 25. Nd6 Bd5 26. Nb5 Rab8 27. Nc3 Bc6 28. Bb3 Kf8 29. Kc2 Ke7 30. Bc4 Rxd1 31. Nxd1 Rd8 32. Ne3 Rd4 33. Kc3 Rd7 34. b4 Rc7 35. Kb3 Nd7 36. Rc1 Nb6 37. Bb5 Kd6 38. Bxc6 Rxc6 39. Rd1+ Ke7 40. a4 Nd7 41. a5 Rc7 42. Nc4 Nf6 43. b5 Nd5 44. Rd4 Rb7 45. Ka4 Nc3+ 46. Kb4 Nxb5 47. Rg4 Nd6+ 48. Kc5 Rc7+ 0-1


[Site "https://www.chess.com"]

[Event "Titled Tuesday Blitz July 25 Early 2023"]
[White "Roberson, Peter T"]
[Black "Wagner, Dennis"]
[WhiteFideId "412384"]
[BlackFideId "24650684"]
[WhiteElo "2501"]
[BlackElo "2761"]
[Result "0-1"]
[Round "5"]
[TimeControl "180+2"]
[Date "2023.07.25"]
[WhiteClock "0:00:04"]
[BlackClock "0:00:08"]
[Board "72"]

1. e4 e5 2. Nf3 Nc6 3. Bc4 Bc5 4. O-O Nf6 5. d3 d6 6. c3 h6 7. b4 Bb6 8. a4 a5 9. b5 Ne7 10. Re1 O-O 11. Nbd2 Ng6 12. Bb3 c6 13. Nc4 Bc7 14. d4 Re8 15. bxc6 bxc6 16. Qc2 Bg4 17. Nfd2 exd4 18. cxd4 d5 19. Ne3 dxe4 20. Nxg4 Nxg4 21. h3 Nxf2 22. Kxf2 Qxd4+ 23. Kf1 Bb6 24. Nc4 Qg1+ 25. Ke2 Qxg2+ 26. Kd1 Rad8+ 27. Bd2 e3 28. Re2 exd2 29. Qd3 Qf1+ 30. Kc2 Qxa1 31. Qxg6 d1=Q# 0-1


[Site "https://www.chess.com"]

[Event "Titled Tuesday Blitz July 25 Early 2023"]
[White "Mahdavi, Reza"]
[Black "Salman, Pavel"]
[WhiteFideId "12595926"]
[BlackFideId "24153753"]
[WhiteElo "2735"]
[BlackElo "2497"]
[Result "1-0"]
[Round "5"]
[TimeControl "180+2"]
[Date "2023.07.25"]
[WhiteClock "0:00:40"]
[BlackClock "0:00:00"]
[Board "73"]

1. e4 c5 2. Nf3 e6 3. d4 cxd4 4. Nxd4 a6 5. Nc3 Qc7 6. Bd3 Nc6 7. Nxc6 dxc6 8. O-O e5 9. a4 Nf6 10. Ne2 Bc5 11. Ng3 h5 12. h3 h4 13. Nf5 Bxf5 14. exf5 O-O-O 15. Qf3 Rhe8 16. Bc4 Rd4 17. Qb3 Rd7 18. Bg5 e4 19. Bxh4 e3 20. Bg3 exf2+ 21. Kh1 Qb6 22. Qxb6 Bxb6 23. Bxf2 Bxf2 24. Rxf2 Ne4 25. Rf4 Rd2 26. Bxf7 Ng3+ 27. Kh2 Re3 28. Be6+ Kd8 29. Rg4 Nh5 30. Rg5 Nf4 31. Kh1 Nxe6 32. fxe6 Rxe6 33. Rxg7 Ree2 34. Rf1 Ke8 35. Kh2 Rxc2 36. h4 Rxb2 37. Kh3 b5 38. axb5 axb5 39. h5 Rf2 40. Ra1 Ra2 41. Rxa2 Rxa2 42. h6 Kf8 43. Rc7 Kg8 44. g4 Ra6 45. Kh4 c5 46. Kh5 b4 47. g5 Kf8 48. h7 1-0


[Site "https://www.chess.com"]

[Event "Titled Tuesday Blitz July 25 Early 2023"]
[White "Amilal Munkhdalai"]
[Black "Petrovic, Aleksa"]
[WhiteFideId "4903250"]
[BlackFideId "967629"]
[WhiteElo "2733"]
[BlackElo "2495"]
[Result "1/2-1/2"]
[Round "5"]
[TimeControl "180+2"]
[Date "2023.07.25"]
[WhiteClock "0:01:16"]
[BlackClock "0:01:24"]
[Board "74"]

1. e4 e6 2. d4 d5 3. Nd2 Be7 4. c3 c5 5. exd5 Qxd5 6. dxc5 Qxc5 7. Ngf3 Nf6 8. Bd3 Nbd7 9. O-O b6 10. Ne4 Qc7 11. Nxf6+ Nxf6 12. Bb5+ Bd7 13. Bxd7+ Qxd7 14. Qe2 O-O 15. Rd1 Qb7 16. Bg5 h6 17. Bh4 Rfd8 18. Ne5 Rxd1+ 19. Rxd1 Rd8 20. Rxd8+ Bxd8 21. Qc4 Be7 22. Qc6 Qa6 23. Bxf6 Bxf6 24. Qe8+ Kh7 25. Nxf7 Qe2 26. g3 Qe1+ 27. Kg2 Qe4+ 28. Kf1 Qb1+ 29. Kg2 Qe4+ 30. Kg1 Qe1+ 31. Kg2 Qe4+ 1/2-1/2


[Site "https://www.chess.com"]

[Event "Titled Tuesday Blitz July 25 Early 2023"]
[White "Kuznetsov, Felix"]
[Black "LangesNasenhaar"]
[WhiteFideId "34147990"]
[WhiteElo "2710"]
[BlackElo "2493"]
[Result "1-0"]
[Round "5"]
[TimeControl "180+2"]
[Date "2023.07.25"]
[WhiteClock "0:01:27"]
[BlackClock "0:01:30"]
[Board "75"]

1. e4 d6 2. d4 Nf6 3. Nc3 e5 4. Nge2 Be7 5. h3 c6 6. a4 O-O 7. g3 Re8 8. Bg2 Bf8 9. Be3 a5 10. O-O Na6 11. Qd2 Nb4 12. Rad1 Qc7 13. f4 exd4 14. Bxd4 Nd7 15. g4 Nc5 16. Ng3 Be6 17. b3 Rad8 18. f5 Bc8 19. Nh5 d5 20. Qg5 h6 21. Nf6+ Kh8 22. Qxh6+ gxh6 23. Nxe8+ Kg8 24. Nf6+ Kh8 25. Nfxd5+ Kh7 26. Nxc7 1-0


[Site "https://www.chess.com"]

[Event "Titled Tuesday Blitz July 25 Early 2023"]
[White "Itkis, Boris"]
[Black "Jaracz, Pawel"]
[WhiteFideId "1209167"]
[BlackFideId "1102222"]
[WhiteElo "2463"]
[BlackElo "2703"]
[Result "1-0"]
[Round "5"]
[TimeControl "180+2"]
[Date "2023.07.25"]
[WhiteClock "0:00:16"]
[BlackClock "0:00:05"]
[Board "76"]

1. c4 e5 2. Nf3 Nc6 3. Nc3 Nf6 4. e4 d6 5. d4 Bg4 6. d5 Nd4 7. Be3 Bxf3 8. gxf3 g6 9. Nb5 Nxb5 10. cxb5 Bg7 11. Rc1 O-O 12. Qc2 Rc8 13. Bh3 Qe7 14. Bxc8 Rxc8 15. Bxa7 Nh5 16. Be3 Qh4 17. b6 Nf4 18. Bxf4 exf4 19. Qxc7 Rf8 20. Qxb7 Bd4 21. Rf1 Kg7 22. Rc8 Rxc8 23. Qxc8 Bxb6 24. Ke2 Qf6 25. Qc3 Bd4 26. Qd3 Bxb2 27. a4 Qd8 28. Rb1 Be5 29. Qd2 Qc8 30. a5 Qc4+ 31. Qd3 Qa2+ 32. Kf1 Qxa5 33. Rb7 Qd8 34. Qb5 Qf6 35. Qd7 h5 36. Qe7 Qxe7 37. Rxe7 Kf6 38. Rb7 g5 39. h3 Bd4 40. Ke2 Bc5 41. Rc7 Bd4 42. Rc6 Be5 43. Kd3 Kg6 44. Ra6 Kf6 45. Kc4 Kg6 46. Kb5 g4 47. hxg4 h4 48. Rc6 h3 49. Rc1 Kg5 50. Rh1 Kh4 51. Kc6 f6 52. Kd7 Bd4 53. Ke6 Bxf2 54. Kxf6 Bd4+ 55. Kf5 Be5 56. g5 Kg3 57. g6 Kg2 58. Rb1 Kxf3 59. Ke6 h2 60. Kf7 Kg2 61. g7 Bxg7 62. Kxg7 f3 63. e5 f2 64. exd6 f1=Q 65. Rxf1 Kxf1 66. d7 h1=Q 67. d8=Q Qg2+ 68. Kf7 Qe4 69. Qf6+ Kg1 70. Qg6+ 1-0


[Site "https://www.chess.com"]

[Event "Titled Tuesday Blitz July 25 Early 2023"]
[White "Tomaszewski, Kacper"]
[Black "Antonio, Rogelio Jr"]
[WhiteFideId "1127373"]
[BlackFideId "5200032"]
[WhiteElo "2463"]
[BlackElo "2688"]
[Result "1/2-1/2"]
[Round "5"]
[TimeControl "180+2"]
[Date "2023.07.25"]
[WhiteClock "0:01:07"]
[BlackClock "0:01:00"]
[Board "77"]

1. e4 c6 2. Nf3 d5 3. Nc3 Bg4 4. Be2 Nf6 5. e5 Nfd7 6. Ng5 Bxe2 7. Qxe2 e6 8. d4 Be7 9. Qh5 Bxg5 10. Bxg5 Qa5 11. O-O-O c5 12. Nxd5 Nc6 13. dxc5 Ndxe5 14. Nf6+ Kf8 15. Nd7+ Kg8 16. Nf6+ Kf8 17. Nd7+ Kg8 18. Nf6+ Kf8 1/2-1/2


[Site "https://www.chess.com"]

[Event "Titled Tuesday Blitz July 25 Early 2023"]
[White "Timerkhanov, Alexander"]
[Black "Cheer_Down"]
[WhiteFideId "24177938"]
[WhiteElo "2681"]
[BlackElo "2440"]
[Result "0-1"]
[Round "5"]
[TimeControl "180+2"]
[Date "2023.07.25"]
[WhiteClock "0:01:28"]
[BlackClock "0:00:23"]
[Board "78"]

1. d4 d5 2. Bf4 Nf6 3. e3 e6 4. Nf3 c5 5. c3 Nc6 6. Nbd2 cxd4 7. exd4 Nh5 8. Bg5 f6 9. Be3 Bd6 10. Bd3 Nf4 11. Bxf4 Bxf4 12. O-O O-O 13. g3 Bd6 14. Re1 Bd7 15. a4 Qe8 16. c4 Qh5 17. c5 Bc7 18. Be2 Qh6 19. Nf1 Rad8 20. Ne3 Bc8 21. Bf1 a5 22. Bg2 Nb4 23. Qd2 e5 24. Nh4 e4 25. f3 f5 26. f4 g5 27. fxg5 Qxg5 28. Bf1 f4 29. Neg2 e3 30. Qc3 fxg3 31. Qxe3 gxh2+ 32. Kh1 h6 33. Qe7 Bg3 34. Re3 Bxh4 35. Nxh4 Qg1# 0-1


[Site "https://www.chess.com"]